 Dungeon Crawl Stone Soup version 0.22-a0-271-gc000056 (webtiles) character file.

270 nikopol the Magician (level 6, -2/32 HPs)
             Began as a Deep Elf Fire Elementalist on Mar 10, 2018.
             Slain by an ogre
             ... wielding a +0 giant spiked club
              (4 damage)
             ... on level 6 of the Dungeon on Mar 11, 2018.
             The game lasted 00:10:18 (2767 turns).

nikopol the Magician (Deep Elf Fire Elementalist)   Turns: 2767, Time: 00:10:19

Health: -2/32      AC:  4    Str:  5    XL:     6   Next: 1%
Magic:  15/15      EV: 14    Int: 22    God:
Gold:   162        SH:  0    Dex: 24    Spells: 5/15 levels left

rFire    . . .     SeeInvis .   (no weapon)
rCold    . . .     Gourm    .   (no shield)
rNeg     . . .     Faith    .   a - +0 robe
rPois    +         Spirit   .   p - +1 helmet "Kupnomaa" {rPois Dex+9}
rElec    .         Reflect  .   (no cloak)
rCorr    .         Harm     .   (no gloves)
MR       .....                  (no boots)
Stlth    +++.......             (no amulet)
HPRegen  0.10/turn              (no ring)
MPRegen  0.14/turn              (no ring)

@: no status effects
A: no striking features
a: no special abilities


You were on level 6 of the Dungeon.
You were hungry.

You visited 1 branch of the dungeon, and saw 5 of its levels.

You collected 162 gold pieces.

Inventory:

Armour
 a - a +0 robe (worn)
 p - the +1 helmet "Kupnomaa" (worn) {rPois Dex+9}
   (You found it on level 4 of the Dungeon)

   It affects your dexterity (+9).
   It protects you from poison.
Jewellery
 j - an uncursed ring of stealth {unknown}
Wands
 h - a wand of paralysis (11)
 l - a wand of polymorph (13)
Scrolls
 b - a scroll of magic mapping {unknown}
 e - 6 scrolls of teleportation {unknown}
 g - a scroll of random uselessness {unknown}
 k - a scroll of blinking {unknown}
 m - 2 scrolls of remove curse {unknown}
 r - 2 scrolls of amnesia {unknown}
 s - a scroll of identify {unknown}
Potions
 d - a potion of might {unknown}
 f - a potion of lignification {unknown}
 i - 4 potions of curing {unknown}
 n - a potion of brilliance {unknown}
 o - a potion of magic {unknown}
 q - 2 potions of flight {unknown}
Comestibles
 c - 10 rations


   Skills:
 + Level 2.8 Dodging
 + Level 3.7 Stealth
 + Level 5.0 Spellcasting
 + Level 3.6 Conjurations
 + Level 4.6 Fire Magic


You had 5 spell levels left.
You knew the following spells:

 Your Spells              Type           Power        Failure   Level  Hunger
a - Flame Tongue          Conj/Fire      ###..        1%          1    None
b - Throw Flame           Conj/Fire      ###...       2%          2    None
c - Conjure Flame         Conj/Fire      ###.....     5%          3    ##.....
d - Sticky Flame          Conj/Fire      ###.....     19%         4    ####...


Dungeon Overview and Level Annotations

Branches:
Dungeon (4/15)
 Temple: D:4-7

Altars:
Ashenzari
Elyvilon
Gozag
Makhleb
Wu Jian
Xom
The Shining One

Annotations:
D:4 ThereIsNoGod's ghost, weakling SpVM


Message History

You fall through a shaft for 2 floors!
The shaft crumbles and collapses. 2 orcs, an orc warrior, 2 orc priests and an ogre come into view.
The orc shouts!
The orc priest shouts!
The orc shouts!
The orc hits you with a dagger. The orc barely misses you.
The orc priest invokes the aid of Beogh against you.
You struggle to resist.
The orc priest looks encouraged for a moment.
The ogre hits you with a giant spiked club!!
Ouch! That really hurt!
The orc priest mumbles some strange prayers to Beogh against you.
Beogh smites you!
* * * LOW HITPOINT WARNING * * *
The orc priest casts a cantrip, but nothing happens.
The orc warrior shouts!
The orc priest begins to cast a cantrip, but forgets the words!
You open the door.
The ogre hits you with a giant spiked club.
You die...

#......#
#......#
#...o..###+##
#.....o.....#
####........#
#...o....#
#......o.#
#.....oO.#
#......@.#
#######'##
#.# #.. ###


You could see an orc warrior, an ogre, 2 orc priests and 2 orcs.

Vanquished Creatures
  An orc wizard (D:3)
  Jessica (D:2)
  An iguana (D:2)
  Natasha (thrice) (D:3)
  4 gnolls (D:2)
  An adder (D:4)
  An ooze (D:3)
  2 worms (D:2)
  A dart slug (D:2)
  2 leopard geckos
  3 orcs (D:3)
  2 giant cockroaches
  6 goblins
  9 hobgoblins
  3 jackals (D:2)
  A quokka (D:2)
  4 bats
  3 frilled lizards
  6 kobolds
  5 rats
59 creatures vanquished.

Notes
Turn   | Place    | Note
-------+----------+-------------------------------------------
     0 | D:1      | nikopol the Deep Elf Fire Elementalist began the quest for the Orb.
     0 | D:1      | Reached XP level 1. HP: 10/10 MP: 6/6
   317 | D:1      | Reached XP level 2. HP: 15/15 MP: 5/8
   601 | D:2      | Noticed Jessica
   624 | D:1      | Learned a level 2 spell: Throw Flame
   633 | D:2      | Killed Jessica
   633 | D:2      | Reached XP level 3. HP: 19/19 MP: 0/10
   645 | D:2      | Reached skill level 4 in Spellcasting
   860 | D:2      | Found an opulent altar of Gozag.
   952 | D:2      | Learned a level 3 spell: Conjure Flame
   960 | D:2      | Reached XP level 4. HP: 24/24 MP: 4/12
  1225 | D:2      | Found a glowing golden altar of the Shining One.
  1583 | D:2      | Found a burning altar of Makhleb.
  1586 | D:2      | Found a shattered altar of Ashenzari.
  1589 | D:2      | Found an ornate altar of the Wu Jian Council.
  1615 | D:3      | Reached XP level 5. HP: 28/28 MP: 9/13
  1621 | D:3      | Learned a level 4 spell: Sticky Flame
  1820 | D:3      | Noticed Natasha
  1844 | D:3      | Killed Natasha
  1998 | D:3      | Noticed Natasha
  2004 | D:3      | Killed Natasha
  2223 | D:3      | Noticed Natasha
  2232 | D:3      | Killed Natasha
  2232 | D:3      | Reached skill level 5 in Spellcasting
  2654 | D:4      | Reached XP level 6. HP: 32/32 MP: 11/15
  2709 | D:4      | Got a dazzling helmet
  2715 | D:4      | Identified the +1 helmet "Kupnomaa" {rPois Dex+9} (You found it on level 4 of the Dungeon)
  2726 | D:4      | Found a white marble altar of Elyvilon.
  2734 | D:4      | Noticed ThereIsNoGod's ghost (weakling SpVM)
  2749 | D:4      | Found a shimmering altar of Xom.
  2752 | D:4      | Found a shimmering altar of Xom.
  2755 | D:4      | Found a shimmering altar of Xom.
  2758 | D:4      | You fall through a shaft for 2 floors!
  2758 | D:6      | Noticed an orc warrior
  2767 | D:6      | Slain by an ogre

Vault maps used:
D:1:      evilmike_arrival_hilbert_curve
D:2:      lemuel_crystal_altar, grunt_temple_overflow_diamond,
          nicolae_gozag_seed_capital, uniq_jessica
D:3:      kennysheep_generic_room_6, uniq_natasha
D:4:      xom_redecorated, nicolae_overflow_hidden_temple, serial_glass,
          glass_columns_a, glass_columns_b
D:6:      old_standard_altar, kennysheep_cross_room, uniq_prince_ribbit1

Skill      XL: |  1  2  3  4  5 |
---------------+----------------+-----
Conjurations   | 2 3 |  3.6
Spellcasting   | 4 5 |  5.0
Stealth        | 3 |  3.7
Fire Magic     | 4 |  4.6
Dodging        | |  2.8

Action                   |  1- 3 |  4- 6 || total
-------------------------+-------+-------++-------
Melee: Unarmed           |    10 |       ||    10
 Cast: Flame Tongue      |    38 |    77 ||   115
       Throw Flame       |     7 |     3 ||    10
  Eat: Chunk             |       |     5 ||     5
Armor: Skin              |    23 |       ||    23
       Robe              |       |     6 ||     6
Dodge: Dodged            |    16 |    19 ||    35

Table legend:
 A = Spawn XP
 B = Non-spawn XP
 C = Spawn XP percentage of total XP
 D = Spawn monster count
 E = Non-spawn monster count
 F = Spawn count percentage of total count
 G = Total turns spent on level
                    A         B        C        D         E        F      G
               +---------+---------+-------+---------+---------+-------+---------
         Total |       0 |     386 |   0.0 |       0 |      59 |   0.0 |  2767
               +---------+---------+-------+---------+---------+-------+---------
           D:1 |       0 |      21 |   0.0 |       0 |      12 |   0.0 |   834
           D:2 |       0 |     174 |   0.0 |       0 |      28 |   0.0 |   778
           D:3 |       0 |     178 |   0.0 |       0 |      18 |   0.0 |  1033
           D:4 |       0 |      13 |   0.0 |       0 |       1 |   0.0 |   113
               +---------+---------+-------+---------+---------+-------+---------
